 Dungeon Crawl Stone Soup version 0.22.0-40-g68aacdc (webtiles) character file.

238 robertstho the Chopper (level 6, -2/70 HPs)
             Began as a Human Berserker on Aug 31, 2018.
             Was a Believer of Trog.
             Killed by divine providence
             ... invoked by an orc priest
              (13 damage)
             ... on level 5 of the Dungeon.
             The game lasted 00:05:06 (3063 turns).

robertstho the Chopper (Human Berserker)            Turns: 3063, Time: 00:05:07

Health: -2/70      AC:  4    Str: 25    XL:     6   Next: 28%
Magic:  6/6        EV: 12    Int:  7    God:    Trog [**....]
Gold:   165        SH:  0    Dex: 12    Spells: 5/5 levels left

rFire    . . .     SeeInvis .   s - +1 halberd (venom)
rCold    . . .     Gourm    .   (shield currently unavailable)
rNeg     . . .     Faith    .   g - +0 leather armour
rPois    .         Spirit   .   (no helmet)
rElec    .         Reflect  .   (no cloak)
rCorr    .         Harm     .   (no gloves)
MR       .....                  l - +0 pair of boots
Stlth    ..........             (no amulet)
HPRegen  0.21/turn              q - ring of flight
MPRegen  0.10/turn              (no ring)

@: berserking, very quick
A: no striking features
a: Berserk, Trog's Hand, Renounce Religion, Evoke Flight


You were on level 5 of the Dungeon.
You worshipped Trog.
Trog was pleased with you.
You were very hungry.

You visited 1 branch of the dungeon, and saw 5 of its levels.

You collected 165 gold pieces.

Inventory:

Hand Weapons
 a - a +0 hand axe
 s - a +1 halberd of venom (weapon)
Armour
 b - a +0 animal skin
 g - a +0 leather armour (worn)
 l - a +0 pair of boots (worn)
Jewellery
 q - a ring of flight (left hand)
 x - a cursed ring of positive energy {unknown}
Scrolls
 h - 4 scrolls of identify {unknown}
 i - 4 scrolls of remove curse {unknown}
 k - a scroll of immolation {unknown}
 m - 4 scrolls of teleportation {unknown}
 p - a scroll of fog {unknown}
 r - 2 scrolls of magic mapping {unknown}
 t - 2 scrolls of enchant armour {unknown}
 u - 3 scrolls of random uselessness {unknown}
 v - a scroll of enchant weapon {unknown}
 y - a scroll of vulnerability {unknown}
Potions
 d - 2 potions of might {unknown}
 e - 2 potions of flight {unknown}
 f - a potion of degeneration {unknown}
 j - a potion of heal wounds {unknown}
 n - a potion of berserk rage {unknown}
 o - 3 potions of curing
 w - a potion of mutation {unknown}
Comestibles
 c - 9 rations
 z - 2 chunks of flesh


   Skills:
 + Level 3.5 Fighting
 * Level 5.1(5.2) Axes
 + Level 1.2(3.4) Polearms
 * Level 3.1 Armour
 + Level 2.5 Dodging
 + Level 0.6 Stealth


You had 5 spell levels left.
You didn't know any spells.
Your spell library was empty.

Dungeon Overview and Level Annotations

Branches:
Dungeon (5/15)
 Temple: D:4-7

Altars:
Dithmenos
Nemelex Xobeh
Xom


Message History

You are too injured to fight recklessly!
A red film seems to cover your vision as you go berserk!
You feel yourself moving faster!
You feel mighty!
You are feeling very hungry.
The orc priest hits you but does no damage.
The orc hits you but does no damage.
You slash the orc priest!
The orc priest is poisoned.
The orc priest is severely wounded.
The orc wizard miscasts a cantrip.
The orc priest mumbles some strange prayers to Beogh against you.
Beogh smites you!
* * * LOW HITPOINT WARNING * * *
The orc hits you but does no damage.
You closely miss the orc wizard. The orc wizard casts a spell at you.
The puff of frost hits you!
* * * LOW HITPOINT WARNING * * *
The orc priest invokes the aid of Beogh against you.
Beogh smites you!
You die...

. ...
....#########
##..o#.<..#
#...o@....#
#...o####.#
......< ...
####... ###
..... #.....
#...## #...


You could see an orc priest, an orc wizard and an orc.

Vanquished Creatures
  2 hounds
  A worker ant (D:4)
  3 adders
  3 gnolls (D:3)
  An ooze (D:2)
  3 worms
  2 dart slugs
  2 leopard geckos
  5 orcs
  4 bats
  8 giant cockroaches
  4 goblins
  14 hobgoblins
  4 jackals (D:2)
  5 kobolds
  2 quokkas
  A ball python (D:2)
  4 frilled lizards
  A jackal skeleton (D:4)
  A quokka skeleton (D:4)
  6 rats
76 creatures vanquished.

Notes
Turn   | Place    | Note
-------+----------+-------------------------------------------
     0 | D:1      | robertstho the Human Berserker began the quest for the Orb.
     0 | D:1      | Reached XP level 1. HP: 18/18 MP: 1/1
   270 | D:1      | Reached XP level 2. HP: 22/24 MP: 2/2
   450 | D:1      | Found a shimmering altar of Xom.
   712 | D:1      | Reached XP level 3. HP: 25/29 MP: 3/3
   825 | D:2      | Reached skill level 4 in Axes
   825 | D:2      | Reached XP level 4. HP: 14/35 MP: 4/4
  1138 | D:2      | Reached ** piety under Trog
  1181 | D:2      | Reached XP level 5. HP: 30/41 MP: 5/5
  1365 | D:2      | Found a shadowy altar of Dithmenos.
  1375 | D:2      | Found a sparkling altar of Nemelex Xobeh.
  2357 | D:4      | Reached skill level 5 in Axes
  2357 | D:4      | Reached XP level 6. HP: 40/47 MP: 6/6
  3052 | D:5      | Entered Level 5 of the Dungeon
  3058 | D:5      | Reached skill level 1 in Polearms
  3063 | D:5      | Killed from afar by an orc priest

Skill      XL: |  1  2  3  4  5  6 |
---------------+-------------------+-----
Axes           | 4 5 |  5.1
Armour         | 3 |  3.1
Polearms       | 1 |  1.2
Fighting       | |  3.5
Dodging        | |  2.5
Stealth        | |  0.6

Action                   |  1- 3 |  4- 6 || total
-------------------------+-------+-------++-------
Melee: Hand axe          |    60 |    97 ||   157
       Halberd           |       |    49 ||    49
Invok: Berserk           |     1 |     3 ||     4
       Trog's Hand       |       |     2 ||     2
 Stab: Distracted        |       |     1 ||     1
       Sleeping          |       |     1 ||     1
  Eat: Chunk             |     1 |     9 ||    10
Armor: Animal skin       |     6 |       ||     6
       Leather armour    |     7 |    39 ||    46
Dodge: Dodged            |    32 |    87 ||   119
